 Dungeon Crawl Stone Soup version 0.20-a0-298-g82a587e (webtiles) character file.

4272 AlphabetPasta the Tainter (level 10, -4/44 HPs)
             Began as a Spriggan Venom Mage on Dec 15, 2016.
             Was a High Priest of Jiyva.
             Slain by a troll (11 damage)
             ... on level 9 of the Dungeon.
             The game lasted 01:01:35 (8187 turns).

AlphabetPasta the Tainter (Spriggan Venom Mage)     Turns: 8187, Time: 01:01:38

Health: -4/44      AC:  6    Str:  6    XL:     10   Next: 10%
Magic:  11/23      EV: 24    Int: 17    God:    Jiyva [*****.]
Gold:   271        SH:  0    Dex: 18    Spells: 18/26 levels left

rFire  . . .     SeeInvis +     f - +1 dagger
rCold  + . .     Gourm    .     a - +1 robe
rNeg   . . .     Faith    .     (shield restricted)
rPois  .         Spirit   .     (helmet restricted)
rElec  .         Reflect  .     x - +1 cloak
rCorr  +         Harm     .     (gloves unavailable)
MR     +....                    (boots unavailable)
Stlth  ++++......               (no amulet)
                                i - ring of protection from cold
                                n - ring of wizardry

@: very quick
A: unfitting armour, horns 1, see invisible, herbivore 3, speed 3, slow
metabolism 2, eyeballs 1, gelatinous body 1, jelly sensing items
a: Request Jelly, Slimify, Cure Bad Mutation, Renounce Religion


You were on level 9 of the Dungeon.
You worshipped Jiyva.
Jiyva was extremely pleased with you.
You were completely stuffed.

You visited 2 branches of the dungeon, and saw 10 of its levels.

You collected 271 gold pieces.

Inventory:

Hand Weapons
 e - a +0 short sword
 f - a +1 dagger (weapon)
 o - a +0 rapier
Armour
 a - a +1 robe (worn)
 l - a +0 cloak
 x - a +1 cloak (worn)
Rods
 m - a +0 rod of inaccuracy (9/9)
   (You found it on level 4 of the Dungeon)
Jewellery
 i - a ring of protection from cold (right hand)
 n - a ring of wizardry (left hand)
 r - a +1 ring of protection
 t - an uncursed ring of protection from magic
Wands
 h - a wand of random effects (28/48)
 j - a wand of lightning (7/15)
 w - a wand of acid (4/15)
 y - a wand of random effects (11/48)
 z - a wand of confusion (15/48)
 C - a wand of digging (13/24)
Scrolls
 q - 3 scrolls of remove curse
 v - a scroll of magic mapping
 A - a scroll of enchant armour
 D - 4 scrolls of enchant weapon
Potions
 d - a potion of haste
 g - a potion of resistance
 k - a potion of agility
 p - a potion of brilliance
 s - 2 potions of curing
 u - a potion of ambrosia {unknown}
 E - a potion of berserk rage {unknown}
Books
 b - a Young Poisoner's Handbook

   Spells                             Type                      Level
   a - Sting                          Conjuration/Poison           1
   b - Mephitic Cloud                 Conjuration/Poison/Air       3
   c - Olgreb's Toxic Radiance        Poison                       4
   d - Alistair's Intoxication        Transmutation/Poison         5
   e - Venom Bolt                     Conjuration/Poison           5
 B - a book of Battle

   Spells                             Type                      Level
   a - Infusion                       Charms                       1
   b - Shroud of Golubria             Charms/Translocation         2
   c - Song of Slaying                Charms                       2
   d - Spectral Weapon                Hexes/Charms                 3
   e - Regeneration                   Charms/Necromancy            3
Comestibles
 c - 6 bread rations


   Skills:
 + Level 6.1 Short Blades
 + Level 7.4 Dodging
 + Level 8.1 Stealth
 + Level 8.5 Spellcasting
 * Level 10.2 Poison Magic
 + Level 2.1 Evocations


You had 18 spell levels left.
You knew the following spells:

 Your Spells              Type           Power        Failure   Level  Hunger
a - Sting                 Conj/Pois      ###.         1%          1    None
b - Mephitic Cloud        Conj/Pois/Air  ###.....     4%          3    #......
c - Olgreb's Toxic Radia  Pois           #####...     1%          4    ###....


Dungeon Overview and Level Annotations

Branches:
Dungeon (9/15)             Temple (1/1) D:4            Lair (0/6) D:8
    Orc: D:9-12

Altars:
Cheibriados
Dithmenos
Elyvilon
Fedhas
Gozag
Hepliaklqana
Kikubaaqudgha
Makhleb
Nemelex Xobeh
Okawaru
Qazlal
Ru
Trog
Vehumet
Xom
Yredelemnul
Zin
The Shining One
Jiyva

Shops:
D:6 *

Annotations:
D:4 AlphabetPasta's ghost, novice MfCj


Innate Abilities, Weirdness & Mutations

You are very small and have problems with some larger weapons.
You are too small for most types of armour.
You have supernaturally acute eyesight. (SInv)
You are a herbivore.
You cover ground extremely quickly.
You need consume almost no food.
You have a pair of small horns on your head.
Your body has grown golden eyes which may confuse attackers. (Acc +3)
Your rubbery body absorbs attacks. (AC +1, EV +1)
You have a small jelly attached to you that senses nearby items.


Message History

Aiming: Sting
Press: ? - help, Shift-Dir - straight line, f - troll
Aim: a troll (moderately wounded, poisoned)
The sting misses the troll.
Casting: Sting
Confirm with . or Enter, or press ? or * to list all spells.
Aiming: Mephitic Cloud
Press: ? - help, Shift-Dir - straight line, f/p - troll
Aim: a troll (moderately wounded, poisoned)
The ball explodes into a vile cloud!
The stinking cloud engulfs the troll.
The troll is moderately wounded.
The troll looks even sicker.
The troll is engulfed in noxious fumes.
The troll looks as sick as possible!
Your toxic aura wanes.
The troll is engulfed in noxious fumes.
The troll bites you!!
* * * LOW HITPOINT WARNING * * *
The troll claws you.
* * * LOW HITPOINT WARNING * * *
The troll claws you!
You die...

.. #..#...._..#.#.# #..
...#..#...⌠.⌠...#.# #..
...#..####..###.#.####..
........##.## #.........
.###..#.##.# #.#..
......#§##.#### #.#..
#..§§§.....# #.#..
###.T#..##.# #....
#.@#.###.######.#..
#.............#....
+...#.###.####.#.##.
##..#.# #.####.#.##.
#..#.# #.#......##.
#..#.. #.#......<.. ....
............ ...#
########†### #..## #.###


You could see a troll.

Vanquished Creatures
  Sigmund (D:5)
  Eustachio (D:4)
  5 yaks (D:8)
  A hungry ghost (D:8)
  4 porcupines (D:8)
  A water moccasin (D:8)
  An orc warrior (D:6)
  A sky beast (D:5)
  An ice beast (D:9)
  2 black bears
  2 phantoms
  4 ogres
  3 crocodiles (D:8)
  2 big kobolds
  5 bullfrogs
  A scorpion (D:7)
  6 killer bees (D:8)
  3 howler monkeys (D:8)
  3 hounds
  2 orc priests
  A centaur skeleton (D:8)
  An iguana (D:5)
  4 worker ants
  2 orc wizards (D:6)
  A killer bee zombie (D:5)
  6 gnolls
  7 adders
  2 oozes (D:1)
  An adder skeleton (D:4)
  3 worms (D:2)
  2 leopard geckos
  23 orcs
  2 ball pythons
  3 giant cockroaches
  7 goblins
  11 hobgoblins
  16 jackals
  3 quokkas
  5 bats
  8 frilled lizards
  23 kobolds
  6 rats
186 creatures vanquished.

Vanquished Creatures (others)
  A porcupine (D:8)
  2 crocodiles
  A big kobold (D:7)
  3 jellies (D:8)
  A bullfrog (D:7)
  2 orc priests (D:5)
  2 orc wizards (D:6)
  A centaur skeleton (D:8)
  A worker ant (D:7)
  An adder (D:6)
  An ooze (D:6)
  A worm (D:6)
  8 orcs
  7 kobolds (D:7)
  A fungus (D:8)
33 creatures vanquished.

Grand Total: 219 creatures vanquished

Notes
Turn   | Place    | Note
-------+----------+-------------------------------------------
     0 | D:1      | AlphabetPasta the Spriggan Venom Mage began the quest for the Orb.
     0 | D:1      | Reached XP level 1. HP: 9/9 MP: 5/5
   266 | D:1      | Reached XP level 2. HP: 13/13 MP: 3/6
   775 | D:1      | Reached XP level 3. HP: 14/16 MP: 5/8
   780 | D:1      | Learned a level 3 spell: Mephitic Cloud
  1320 | D:2      | Found a sacrificial altar of Ru.
  1522 | D:2      | Found a shimmering altar of Xom.
  1899 | D:2      | Reached skill level 1 in Short Blades
  2049 | D:2      | Reached skill level 5 in Poison Magic
  2287 | D:2      | Reached XP level 4. HP: 7/21 MP: 2/10
  2293 | D:2      | Learned a level 4 spell: Olgreb's Toxic Radiance
  3110 | D:3      | Reached XP level 5. HP: 24/24 MP: 4/12
  3697 | D:4      | Noticed Eustachio
  3746 | D:4      | Noticed AlphabetPasta's ghost (novice MfCj)
  4063 | D:4      | Identified a +0 rod of inaccuracy (9/9) (You found it on level 4 of the Dungeon)
  4095 | D:4      | Killed Eustachio
  4095 | D:4      | Reached skill level 6 in Poison Magic
  4095 | D:4      | Reached XP level 6. HP: 3/28 MP: 8/14
  4467 | D:4      | Reached skill level 5 in Spellcasting
  4528 | D:4      | Found a staircase to the Ecumenical Temple.
  4537 | Temple   | Entered the Ecumenical Temple
  4647 | Temple   | Became a worshipper of Jiyva Jitsig the Shapeless
  4696 | D:5      | Entered Level 5 of the Dungeon
  4832 | D:5      | Noticed Sigmund
  4846 | D:5      | Killed Sigmund
  4846 | D:5      | Reached XP level 7. HP: 32/32 MP: 10/16
  5010 | D:5      | Reached * piety under Jiyva
  5064 | D:5      | Reached skill level 7 in Poison Magic
  5134 | D:5      | Found a snail-covered altar of Cheibriados.
  5195 | D:6      | Found Gozag's Platinum Reserve.
  5197 | D:6      | Found an opulent altar of Gozag.
  5209 | D:6      | Found a glowing silver altar of Zin.
  5367 | D:6      | Found an iron altar of Okawaru.
  5447 | D:6      | Reached ** piety under Jiyva
  5692 | D:6      | Reached XP level 8. HP: 26/36 MP: 13/18
  5710 | D:6      | Reached skill level 8 in Poison Magic
  5780 | D:6      | Reached *** piety under Jiyva
  6063 | D:6      | Found a blossoming altar of Fedhas.
  6281 | D:7      | Reached **** piety under Jiyva
  6300 | D:7      | Gained mutation: Your rubbery body absorbs attacks. (AC +1, EV +1) [Jiyva's grace]
  6618 | D:7      | Gained mutation: You have a pair of small horns on your head. [Jiyva's grace]
  6931 | D:7      | Found a bloodstained altar of Trog.
  6967 | D:7      | Reached ***** piety under Jiyva
  7192 | D:8      | Reached skill level 5 in Stealth
  7195 | D:8      | Reached skill level 5 in Dodging
  7222 | D:8      | Reached skill level 9 in Poison Magic
  7224 | D:8      | Reached XP level 9. HP: 39/39 MP: 11/21
  7231 | D:8      | Gained mutation: Your body has grown golden eyes which may confuse attackers. (Acc +3) [Jiyva's grace]
  7243 | D:8      | Reached skill level 5 in Short Blades
  7274 | D:8      | Found a staircase to the Lair.
  7646 | D:8      | Reached skill level 10 in Poison Magic
  7817 | D:8      | Reached skill level 1 in Evocations
  7818 | D:8      | Gained mutation: You have a small jelly attached to you that senses nearby items. [Jiyva's grace]
  8042 | D:9      | Found a sparkling altar of Nemelex Xobeh.
  8082 | D:9      | Reached XP level 10. HP: 29/44 MP: 21/23
  8187 | D:9      | Slain by a troll

Vault maps used:
D:1:      matt_arrival_los_fun, nrook_uturn
D:2:      xom_butterflies, nicolae_ru_awakened_eye, first_bread
D:4:      uniq_eustachio
D:5:      lemuel_doored_altar, slow_altar_2, grunt_decor_resistance,
          uniq_sigmund
D:6:      nicolae_gozag_zags_fifth_avenue, okawaru_altar_gauntlet_db,
          nicolae_overflow_hidden_temple, basic_altar, nicolae_zen_rock_garden
D:7:      grunt_ogre_cave, trog_hazing_becter
D:8:      minmay_lair_entry_grove
D:9:      led_sif_pool, dancing_weapons_uskayaw,
          nemelex_xobeh_ov_fountains_minmay, basic_altar
Temple:   pf_slime_end_temple

Skill      XL: |  1  2  3  4  5  6  7  8  9 10 |
---------------+-------------------------------+-----
Spellcasting   | 3 4 5 6 7 8 |  8.5
Short Blades   | 1 2 3 4 6 |  6.1
Poison Magic   | 5 6 7 9 10 | 10.2
Stealth        | 4 5 7 8 |  8.1
Dodging        | 4 5 7 |  7.4
Evocations     | 1 2 |  2.1

Action                   |  1- 3 |  4- 6 |  7- 9 | 10-12 || total
-------------------------+-------+-------+-------+-------++-------
Melee: Short sword       |    11 |       |       |       ||    11
       Dagger            |    13 |    26 |    91 |    21 ||   151
       Headbutt          |       |       |    10 |     2 ||    12
 Cast: Sting             |    97 |   105 |    51 |     1 ||   254
       Olgreb's Toxic Ra |       |     2 |    38 |     5 ||    45
       Mephitic Cloud    |       |       |       |     1 ||     1
Evoke: Wand              |       |     4 |     9 |     1 ||    14
       Rod               |       |     3 |       |       ||     3
  Use: Scroll            |     7 |     5 |     7 |       ||    19
 Stab: Sleeping          |     2 |     2 |     6 |     1 ||    11
       Confused          |       |     1 |     2 |       ||     3
       Paralysed         |       |       |     1 |       ||     1
  Eat: Bread ration      |       |     1 |       |       ||     1
Armor: Robe              |     2 |    16 |     7 |     1 ||    26
Dodge: Dodged            |    23 |    68 |    86 |    16 ||   193
